 Dungeon Crawl Stone Soup version 0.30-a0-924-g0ad0bf95bc (webtiles) character file.

Game seed: 8169736462928811601

52 12sPaWn12 the Trooper (level 3, 0/36 (41) HPs)
             Began as an Ogre Berserker on Mar 23, 2023.
             Was a Believer of Trog.
             Slain by Terence
             ... wielding a +1 mace of draining
              (6 damage)
             ... on level 2 of the Dungeon.
             The game lasted 00:01:37 (1411 turns).

12sPaWn12 the Trooper (Ogre Berserker)              Turns: 1411, Time: 00:01:37

HP:   0/36 (41)     AC:  3    Str: 23    XL:     3   Next: 85%
MP:   3/3           EV: 10    Int:  8    God:    Trog [**....]
Gold: 114           SH:  0    Dex:  8    Spells: 2/2 levels left

rFire   . . .      SeeInvis .    a - +0 spear
rCold   . . .      Faith    .    (no shield)
rNeg    . . .      Spirit   .    b - +0 animal skin
rPois   .          Reflect  .    (helmet restricted)
rElec   .          Rampage  .    (no cloak)
rCorr   .                        (gloves unavailable)
Will    .....                    (boots unavailable)
Stlth   +                        (no amulet)
HPRegen 0.26/turn                (no ring)
MPRegen 0.08/turn                (no ring)

@: heavily drained
A: large, unfitting armour, tough skin 1
a: Renounce Religion, Berserk, Trog's Hand


You were on level 2 of the Dungeon.
You worshipped Trog.
Trog was pleased with you.
You visited 1 branch of the dungeon, and saw 3 of its levels.

You collected 114 gold pieces.

Inventory:

Hand Weapons
 a - a +0 spear (weapon)
Armour
 b - a +0 animal skin (worn)
Scrolls
 c - a scroll of vulnerability {unknown}
 d - a scroll of teleportation {unknown}
 e - 3 scrolls of enchant armour {unknown}
 h - a scroll of immolation {unknown}
 i - a scroll of poison {unknown}
Potions
 f - 3 potions of curing {unknown}
 g - a potion of attraction {unknown}


   Skills:
 * Level 4.9 Fighting
 - Level 0.7(2.1) Axes
 * Level 3.2(3.3) Polearms
 * Level 0.4 Armour
 * Level 3.2 Dodging


You had 2 spell levels left.
You didn't know any spells.
Your spell library was empty.

Dungeon Overview and Level Annotations

Branches:
Dungeon (3/15)

Altars:

Annotations:
D:2 Terence


Innate Abilities, Weirdness & Mutations

You are too large for most types of armour.
You have tough skin. (AC +1)


Message History

You climb downwards.
Terence shouts!
Found 8 stones and a scroll labelled YRESHUP JIAH.
There is a stone staircase leading up here.
You barely miss Terence. Terence misses you.
You climb upwards.
There is a stone staircase leading down here.
You hit Terence.
Terence is lightly wounded.
Terence hits you with a +1 mace of draining.
You feel drained.
You hit Terence.
Terence is lightly wounded.
Terence hits you but does no damage.
You feel drained.
You hit Terence but do no damage.
Terence is lightly wounded.
Terence closely misses you.
You closely miss Terence.
Terence is lightly wounded.
Terence hits you with a +1 mace of draining!
You feel drained.
You barely miss Terence.
Terence is lightly wounded.
Terence hits you with a +1 mace of draining!
You feel drained.
You are too injured to fight recklessly!
You are too injured to fight recklessly!
You are too injured to fight recklessly!
You puncture Terence!
Terence is heavily wounded.
Terence hits you with a +1 mace of draining.
* * * LOW HITPOINT WARNING * * *
You feel drained.
* * * LOW HITPOINT WARNING * * *
You hit Terence.
Terence is severely wounded.
Terence says, "You're history."
Terence hits you with a +1 mace of draining.
You die...

...######## #.# ####
#.# ..# #.# #.#
######### #.### #.#
#.......###...###
#.###.......##......#
.#.##.......##.##.#.#
.##.#.......##.##.#.#
#.##........##..@@#.#
##..#.......##.####.#
##.........##.####.#
##.##.####.###......#
#.###.####.# #.######
....#....<.###.#
..#.#####......#
..#.##
#.##################
..<..####.#
#..........#####


You could see Terence.

Vanquished Creatures
  A gnoll (D:1)
  2 dart slugs (D:2)
  2 endoplasms (D:2)
  2 giant cockroaches (D:2)
  5 goblins
  4 hobgoblins
  2 kobolds
  4 quokkas (D:1)
  4 ball pythons
  2 bats
  2 frilled lizards
  6 rats
36 creatures vanquished.

Notes
Turn   | Place    | Note
-------+----------+-------------------------------------------
     0 | D:1      | 12sPaWn12 the Ogre Berserker began the quest for the Orb.
     0 | D:1      | Reached XP level 1. HP: 24/24 MP: 1/1
   105 | D:1      | Reached XP level 2. HP: 15/33 MP: 2/2
   285 | D:1      | Reached XP level 3. HP: 32/40 MP: 3/3
   858 | D:2      | Reached ** piety under Trog
  1401 | D:3      | Noticed Terence
  1411 | D:2      | Slain by Terence

Illustrated notes

Levels and vault maps discovered:
D:1:      arrival_zaba_pyramid, layout_rooms, minmay_hexomino_u4
D:2:      layout_loops_cross, grunt_ministairs_1
D:3:      minmay_octagon_keep, layout_basic, mainiacjoe_overflow_alcove_2,
          ebering_ecumenical_altar_abandoned, uniq_terence

Skill      XL: |  1 |
---------------+----+-----
Dodging        | 3 |  3.2
Fighting       | |  4.9
Axes           | |  0.7
Polearms       | |  3.2
Armour         | |  0.4

Action                     || total
---------------------------++-------
  Melee: Spear             ||   117
   Stab: Sleeping          ||     2
 Armour: Animal skin       ||    20
  Dodge: Dodged            ||    42

Table legend: (Time is in decaauts)
 A = Elapsed time spent in this place.
 B = Non-inter-level travel time spent in this place.
 C = Inter-level travel time spent in this place.
 D = Time resting spent in this place.
 E = Time spent auto-exploring this place.
 F = Levels seen in this place.
 G = Mean time per level.
                   A        B        C        D        E       F      G
               +--------+--------+--------+--------+--------+-----+--------+
         Total |   1405 |   1380 |     25 |      0 |   1179 |   3 |  468.3 |
       Dungeon |   1405 |   1380 |     25 |      0 |   1179 |   3 |  468.3 |
               +--------+--------+--------+--------+--------+-----+--------+

Top non-repeatable levels by time:
     D:2: 723 daAuts
     D:1: 679 daAuts
     D:3: 2 daAuts
